 Dungeon Crawl Stone Soup version 0.21.1-1-g345015fe64 (webtiles) character file.

268 Ivernyr the Charmwright (level 6, -2/47 HPs)
             Began as a Demonspawn Skald on Apr 25, 2018.
             Slain by a wraith (6 damage)
             ... on level 4 of the Dungeon.
             The game lasted 00:19:13 (5175 turns).

Ivernyr the Charmwright (Demonspawn Skald)          Turns: 5175, Time: 00:19:14

Health: -2/47      AC:  4    Str: 11    XL:     6   Next: 0%
Magic:  3/9        EV: 12    Int: 17    God:
Gold:   134        SH:  3    Dex: 15    Spells: 4/9 levels left

rFire    . . .     SeeInvis .   a - +1 falchion
rCold    + . .     Gourm    .   (no shield)
rNeg     . . .     Faith    .   b - +0 leather armour
rPois    .         Spirit   .   (helmet restricted)
rElec    .         Reflect  +   (no cloak)
rCorr    .         Harm     .   (no gloves)
MR       .....                  o - +0 pair of boots
Stlth    +.........             p - +3 amulet of reflection
HPRegen  0.15/turn              k - +3 ring of intelligence
MPRegen  0.11/turn              (no ring)

@: shrouded, very slightly contaminated, slowed, very slow
A: antennae 2, cold resistance 1, sturdy frame 1
a: no special abilities


You were on level 4 of the Dungeon.
You were not hungry.

You visited 1 branch of the dungeon, and saw 4 of its levels.
You also visited: Ossuary.

You collected 134 gold pieces.

Inventory:

Hand Weapons
 a - a +1 falchion (weapon)
Armour
 b - a +0 leather armour (worn)
 o - a +0 pair of boots (worn)
Jewellery
 k - a +3 ring of intelligence (left hand)
 n - an uncursed amulet of the gourmand
 p - a +3 amulet of reflection (around neck)
Scrolls
 e - 3 scrolls of remove curse
 f - 2 scrolls of teleportation
 h - a scroll of enchant armour
 w - a scroll of amnesia
 y - a scroll of enchant weapon
Potions
 g - 2 potions of resistance
 i - a potion of curing {unknown}
 j - a potion of ambrosia {unknown}
 l - 2 potions of cancellation
 m - a potion of lignification {unknown}
 q - a potion of haste {unknown}
 r - a potion of berserk rage {unknown}
 s - 2 potions of magic
 u - a potion of degeneration {unknown}
 z - a potion of invisibility {unknown}
 A - a potion of flight {unknown}
Books
 c - a book of Battle

   Spells                             Type                      Level
   a - Infusion                       Charms                       1
   b - Shroud of Golubria             Charms/Translocation         2
   c - Song of Slaying                Charms                       2
   d - Spectral Weapon                Hexes/Charms                 3
   e - Regeneration                   Charms/Necromancy            3
Comestibles
 d - 5 rations


   Skills:
 + Level 3.4 Fighting
 + Level 2.0 Long Blades
 * Level 3.8 Armour
 - Level 1.7 Dodging
 - Level 2.0 Spellcasting
 + Level 3.8 Charms


You had 4 spell levels left.
You knew the following spells:

 Your Spells              Type           Power        Failure   Level  Hunger
a - Shroud of Golubria    Chrm/Tloc      #.........   14%         2    ###....
b - Song of Slaying       Chrm           ##......     6%          2    ###....
c - Infusion              Chrm           ##..         4%          1    #......


Dungeon Overview and Level Annotations

Branches:
Dungeon (4/15)
 Temple: D:4-7

Altars:
Zin


Innate Abilities, Weirdness & Mutations

You have a pair of antennae on your head.
Your flesh is cold resistant. (rC+)
Your movements are slightly less encumbered by armour. (ER -2)


Message History

The wraith drains your vigour!
You feel as though you will be slow longer.
Okay, then.
Okay, then.
Casting: Song of Slaying
Confirm with . or Enter, or press ? or * to list all spells.
You miscast Shroud of Golubria.
You are very lightly contaminated with residual magic.
You spin around.
The wraith barely misses you.
Casting: Shroud of Golubria
Confirm with . or Enter, or press ? or * to list all spells.
You miscast Shroud of Golubria.
Nothing appears to happen.
The wraith barely misses you. The wraith misses you.
You riposte.
You hit the wraith but do no damage.
Casting: Shroud of Golubria
Confirm with . or Enter, or press ? or * to list all spells.
Space distorts slightly along a thin shroud covering your body.
Your shroud bends the wraith's attack away!
You hit the wraith but do no damage. The wraith hits you.
You die...

#####.....# ...#...
..<......###########
########.###...#...#
#..##.>.#...#
#...#...#...##
#.#.'#######'#
#.#### ### #.# #.#
#.###.# #.# #.@W..#
#.# #.#####
######.######.#
...............#
################


You could see a wraith.

Vanquished Creatures
  Jessica (D:3)
  Natasha (thrice) (D:3)
  A mummy (Ossuary)
  Robin (D:2)
  4 adders
  An adder skeleton (D:4)
  A worm (D:2)
  A dart slug (D:3)
  3 leopard geckos
  An orc (D:3)
  7 bats
  6 giant cockroaches
  14 goblins
  14 hobgoblins
  A quokka (D:3)
  A ball python (D:1)
  7 frilled lizards
  6 gnoll skeletons (Ossuary)
  6 kobolds
  5 kobold skeletons (Ossuary)
  14 orc skeletons (Ossuary)
  5 rats
103 creatures vanquished.

Notes
Turn   | Place    | Note
-------+----------+-------------------------------------------
     0 | D:1      | Ivernyr the Demonspawn Skald began the quest for the Orb.
     0 | D:1      | Reached XP level 1. HP: 16/16 MP: 3/3
     6 | D:1      | Reached skill level 1 in Armour
   393 | D:1      | Gained mutation: Your movements are slightly less encumbered by armour. (ER -2) [demonic ancestry]
   393 | D:1      | Reached XP level 2. HP: 20/22 MP: 5/5
   614 | D:1      | Learned a level 2 spell: Song of Slaying
   617 | D:1      | Learned a level 2 spell: Shroud of Golubria
  1283 | D:1      | Gained mutation: Your flesh is cold resistant. (rC+) [demonic ancestry]
  1283 | D:1      | Reached XP level 3. HP: 20/28 MP: 3/6
  2753 | D:3      | Reached XP level 4. HP: 23/34 MP: 4/7
  2867 | D:3      | Noticed Natasha
  2881 | D:3      | Killed Natasha
  3118 | D:3      | Noticed Natasha
  3133 | D:3      | Killed Natasha
  3380 | D:3      | Gained mutation: You have a pair of small antennae on your head. [demonic ancestry]
  3380 | D:3      | Reached XP level 5. HP: 40/41 MP: 3/8
  3418 | D:3      | Noticed Natasha
  3441 | D:3      | Noticed Robin
  3661 | D:3      | Noticed Jessica
  3703 | D:2      | Killed Robin
  4183 | D:3      | Killed Natasha
  4310 | D:3      | Found a glowing silver altar of Zin.
  4428 | D:3      | Killed Jessica
  4546 | D:4      | Found a sand-covered staircase.
  4594 | Ossuary  | Entered an ossuary
  4594 | Ossuary  | Noticed a wraith
  4594 | Ossuary  | Noticed a wraith
  4594 | Ossuary  | Noticed a wraith
  5034 | Ossuary  | Gained mutation: You have a pair of antennae on your head. [demonic ancestry]
  5034 | Ossuary  | Reached XP level 6. HP: 43/47 MP: 9/9
  5097 | Ossuary  | Noticed a wraith
  5175 | D:4      | Slain by a wraith

Skill      XL: |  1  2  3  4  5 |
---------------+----------------+-----
Armour         | 1 2 3 |  3.8
Charms         | 3 |  3.8
Fighting       | 3 |  3.4
Long Blades    | 2 |  2.0
Dodging        | |  1.7
Spellcasting   | |  2.0

Action                   |  1- 3 |  4- 6 || total
-------------------------+-------+-------++-------
Melee: Falchion          |   151 |   215 ||   366
 Cast: Shroud of Golubri |     8 |    25 ||    33
       Song of Slaying   |     1 |     8 ||     9
  Use: Scroll            |       |    13 ||    13
       Potion            |       |     2 ||     2
 Stab: Sleeping          |     1 |       ||     1
  Eat: Chunk             |     6 |     9 ||    15
       Ration            |       |     1 ||     1
Armor: Leather armour    |    45 |    67 ||   112
Dodge: Dodged            |    94 |   165 ||   259
Block: Other             |     3 |    33 ||    36
       Rpst.: Falchion   |    32 |    54 ||    86
